 Dungeon Crawl Stone Soup version 0.29-a0-284-gf9362112df (webtiles) character file.

Game seed: 8535121538704729742

62332 sanka the Nimble (level 15, -1/101 (120) HPs)
             Began as a Gnoll Monk on Mar 15, 2022.
             Was the Champion of Ru.
             Slain by a thrashing horror (7 damage)
             ... on level 1 of the Abyss.
             The game lasted 01:10:51 (33295 turns).

sanka the Nimble (Gnoll Monk)                      Turns: 33295, Time: 01:10:51

HP:   -1/101 (120)  AC: 27    Str: 21    XL:     15   Next: 5%
MP:   28/28         EV: 13    Int: 11    God:    Ru [******]
Gold: 1738          SH:  0    Dex: 15    Spells: 25/33 levels left

rFire   + . .      SeeInvis +   a - +7 broad axe (freeze)
rCold   + + +      Faith    .   (shield unavailable)
rNeg    . . .      Spirit   .   O - +10 chain mail "Heiddoa" {Str+8}
rPois   .          Reflect  .   V - +1 helmet {SInv}
rElec   .          Harm     .   (no cloak)
rCorr   .          Rampage  .   h - +1 pair of gloves
Will    +....                   n - +0 pair of boots
Stlth   ..........              f - amulet of magic regeneration
HPRegen 0.26/turn               (ring unavailable)
MPRegen 0.61/turn               c - ring "Fetwuseh" {Fly rF+ rC+++ Str-3}

@: flying, studying Crossbows, heavily drained
A: fangs 1, missing a hand, no stealth, inability to use devices, hated by all,
strong nose, distributed training
a: Renounce Religion, Draw Out Power, Power Leap, Apocalypse


You were on level 1 of the Abyss.
You worshipped Ru.
Ru was exalted by your worship.
You visited 3 branches of the dungeon, and saw 19 of its levels.
You visited the Abyss 1 time.
You also visited: Sewer, Bailey, Gauntlet, Ice Cave and Volcano.

You collected 1738 gold pieces.


Innate Abilities, Weirdness & Mutations

You have very sharp teeth.
You are missing a hand.
You cannot be stealthy.
You cannot study or use magical devices.
You are hated by all.
Your uncanny sense of smell can sniff out nearby items.
Your experience applies equally to all skills.


   Skills:
 + Level 11.7 Fighting
 + Level 9.8 Short Blades
 + Level 9.8 Long Blades
 + Level 11.7 Axes
 + Level 9.8 Maces & Flails
 + Level 9.8 Polearms
 + Level 9.8 Staves
 + Level 9.8 Slings
   Level 0.0 Bows
 + Level 11.0 Crossbows
 + Level 9.8 Throwing
 + Level 9.8 Armour
 + Level 11.7 Dodging
   Level 0.0 Stealth
   Level 0.0 Shields
 + Level 9.8 Unarmed Combat
 + Level 9.8 Spellcasting
 + Level 8.1 Conjurations
 + Level 8.1 Hexes
   Level 0.0 Summonings
 + Level 8.1 Necromancy
 + Level 8.1 Translocations
 + Level 8.1 Transmutations
 + Level 8.1 Fire Magic
 + Level 8.1 Ice Magic
 + Level 8.1 Air Magic
 + Level 8.1 Earth Magic
 + Level 8.1 Poison Magic
 + Level 10.6 Invocations
   Level 0.0 Evocations


You had 25 spell levels left.
You knew the following spells:

 Your Spells              Type           Power      Damage    Failure   Level
y - Frozen Ramparts       Ice            46%        1d6       9%          3
X - Freezing Cloud        Conj/Ice/Air   11%        6-21      63%         5

Your spell library contained the following spells:

 Spells                   Type           Power      Damage    Failure   Level
 Apportation              Tloc           46%        N/A       3%          1
 Slow                     Hex            92%        N/A       3%          1
 Sting                    Tmut/Pois      92%        1d7       3%          1
 Blink                    Tloc           46%        N/A       4%          2
 Corpse Rot               Necr/Air       46%        N/A       4%          2
 Poisonous Vapours        Pois/Air       46%        N/A       4%          2
 Static Discharge         Conj/Air       23%        N/A       4%          2
 Sublimation of Blood     Necr           23%        N/A       4%          2
 Wereblood                Tmut           23%        N/A       4%          2
 Confusing Touch          Hex            23%        N/A       9%          3
 Lesser Beckoning         Tloc           23%        N/A       9%          3
 Vampiric Draining        Necr           23%        2d7       9%          3
 Airstrike                Air            11%        N/A       30%         4
 Ice Form                 Ice/Tmut       23%        N/A       30%         4
 Olgreb's Toxic Radiance  Pois           23%        N/A       30%         4
 Passage of Golubria      Tloc           23%        N/A       30%         4
 Alistair's Intoxication  Tmut/Pois      15%        N/A       63%         5
 Fireball                 Conj/Fire      11%        3d7       63%         5
 Lightning Bolt           Conj/Air       11%        1d24      63%         5
 Manifold Assault         Tloc           23%        N/A       63%         5
 Yara's Violent Unravell  Hex/Tmut       11%        3d6       63%         5
 Conjure Ball Lightning   Conj/Air       11%        3x3d6     99%         6
 Starburst                Conj/Fire      11%        6d5       99%         6
 Enfeeble                 Hex            11%        N/A       100%        7
 Ozocubu's Refrigeration  Ice            11%        4d7       100%        7
 Discord                  Hex            11%        N/A       100%        8
 Disjunction              Tloc           11%        N/A       100%        8
 Ignition                 Fire           11%        3d5       100%        8
 Maxwell's Capacitive Co  Air            11%        ∞         100%        8
 Polar Vortex             Ice            11%        N/A       100%        9
 Tukima's Dance           Hex            Unusable   N/A       N/A         3
 Summon Ice Beast         Ice/Summ       Unusable   N/A       N/A         4
 Summon Lightning Spire   Summ/Air       Unusable   N/A       N/A         4
 Simulacrum               Ice/Necr       Unusable   N/A       N/A         6
 Summon Hydra             Summ           Unusable   N/A       N/A         7

Inventory:

Hand Weapons
 a - a +7 broad axe of freezing (weapon)
 b - a +2 scimitar of flaming
 U - a +2 broad axe of venom
Missiles
 k - 3 javelins (quivered)
 l - 20 poisoned darts
 p - 12 curare-tipped darts {=f}
 y - 4 throwing nets {=f}
Armour
 e - a +1 leather armour of resistance
 h - a +1 pair of gloves (worn)
 n - a +0 pair of boots (worn)
 O - the +10 chain mail "Heiddoa" (worn) {Str+8}

   Str:       It affects your strength (+8).
 V - a +1 helmet of see invisible (worn)
Jewellery
 c - the ring "Fetwuseh" (right hand) {Fly rF+ rC+++ Str-3}

   [ring of flight]

   Str:       It affects your strength (-3).
   rF:        It protects you from fire.
   rC:        It renders you almost immune to cold.
   Fly:       It grants you flight.
 f - an amulet of magic regeneration (around neck)
 j - a ring of resist corrosion
 q - a +4 ring of protection
 x - a +6 ring of strength
 z - a ring of see invisible
 P - a ring of willpower
Scrolls
 g - 10 scrolls of teleportation {@r4}
 m - 8 scrolls of enchant armour
 t - 8 scrolls of fear
 w - 4 scrolls of blinking
 B - 3 scrolls of immolation {!r}
 C - 2 scrolls of magic mapping
 E - a scroll of brand weapon {unknown}
 G - 3 scrolls of summoning {unknown}
 J - 2 scrolls of fog {unknown}
 K - 2 scrolls of silence {unknown}
 M - 2 scrolls of holy word {unknown}
 N - 3 scrolls of vulnerability {!r}
 S - 3 scrolls of torment {!r}
Potions
 d - a potion of lignification {!q}
 i - 4 potions of might {unknown}
 o - 2 potions of curing {@q1}
 r - 4 potions of flight
 s - 2 potions of magic {unknown}
 u - a potion of berserk rage {unknown}
 F - 3 potions of mutation {unknown}
 Q - 5 potions of haste {@q3}
 T - 2 potions of cancellation {unknown}
 W - 2 potions of invisibility {unknown}

Dungeon Overview and Level Annotations

Branches:
Dungeon (12/15)            Temple (0/1) D:6            Lair (6/6) D:8
 Shoals (0/4) Lair:4        Snake (0/4) Lair:3        Slime (0/5) Lair:5
    Orc (1/2) D:12          Sewer (visited)          Bailey (visited)
  IceCv (visited)         Volcano (visited)         Gauntlet (visited)

Altars:
Ashenzari
Cheibriados
Hepliaklqana
Nemelex Xobeh
Ru
Vehumet
Yredelemnul
The Shining One
Jiyva

Shops:
D:3 :   D:8 =   D:9 *   D:10 =

Annotations:
D:11 3 runed translucent doors, Hasart's ghost, journeyman DgHu; boracarina's ghost, journeyman DsBe

▒ ..▒▒▒ .
....▒▒▒
.▒
▒▒.....▒
.
.▒..▒.▒.▒
▒...▒...▒
▒. ...▒ ▒
▒.....▒
▒.▒.▒▒X▒
▒ ▒g.▒
▒▒▒▒▒▒


You could see a thrashing horror.


Message History

The tormentor calls on the powers of darkness!
Your body is wracked with pain!
* * * LOW HITPOINT WARNING * * *
You hit the tormentor but do no damage.
You bite the tormentor, but do no damage.
The tormentor is almost dead.
The tormentor calls on the powers of darkness!
Your body is wracked with pain!
* * * LOW HITPOINT WARNING * * *
Unknown command.
You completely miss the tormentor. Your bite misses the tormentor.
The tormentor is almost dead.
The thrashing horror begins to attack, but is stunned by your conviction!
The tormentor closely misses you.
The tormentor hits you but does no damage.
The tormentor screams, "You will die horribly!"
The tormentor calls on the powers of darkness!
Your body is wracked with pain!
* * * LOW HITPOINT WARNING * * *
You hit the tormentor. You freeze the tormentor.
You kill the tormentor!
That felt strangely unrewarding.
The thrashing horror is stunned by your conviction and fails to attack.
Unknown command.
You slice the thrashing horror!!
The thrashing horror is heavily damaged.
The thrashing horror tramples you!
You die...

Action                   |  1- 3 |  4- 6 |  7- 9 | 10-12 | 13-15 || total
-------------------------+-------+-------+-------+-------+-------++-------
Melee: Hand axe          |    86 |       |       |       |       ||    86
       Bite              |     7 |    14 |    34 |    82 |   186 ||   323
       Punch             |     2 |       |       |       |       ||     2
       Short sword       |    26 |   179 |   202 |       |       ||   407
       Unarmed           |       |    40 |    11 |       |       ||    51
       War axe           |       |       |    77 |   665 |   660 ||  1402
       Spear             |       |       |    19 |       |       ||    19
       Scimitar          |       |       |       |    13 |    34 ||    47
       Broad axe         |       |       |       |       |   385 ||   385
Throw: Dart              |       |    11 |     5 |    22 |    19 ||    57
       Javelin           |       |       |       |       |     4 ||     4
 Cast: Frozen Ramparts   |       |       |       |     4 |       ||     4
Invok: Sacrifice a Hand  |     1 |       |       |       |       ||     1
       Sacrifice Stealth |       |     1 |       |       |       ||     1
       Draw Out Power    |       |       |     1 |       |       ||     1
       Sacrifice Love    |       |       |     1 |       |       ||     1
       Apocalypse        |       |       |       |     4 |     9 ||    13
       Sacrifice Artific |       |       |       |     1 |       ||     1
Evoke: Wand              |       |       |     1 |       |       ||     1
  Use: Scroll            |       |     3 |     2 |     3 |    12 ||    20
       Potion            |       |       |     6 |       |     7 ||    13
 Stab: Sleeping          |     5 |     5 |       |       |       ||    10
       Distracted        |       |     1 |     4 |     7 |     4 ||    16
       Paralysed         |       |       |     1 |     7 |    35 ||    43
       Invisible         |       |       |     1 |     6 |     9 ||    16
       Petrifying        |       |       |       |       |     1 ||     1
Armor: Robe              |     8 |    17 |     1 |       |       ||    26
       Skin              |       |       |    10 |       |       ||    10
       Leather armour    |       |       |    73 |    83 |    20 ||   176
       Steam dragon scal |       |       |       |   153 |    69 ||   222
       Chain mail        |       |       |       |       |   514 ||   514
Dodge: Dodged            |    77 |   120 |   190 |   528 |   666 ||  1581

Levels and vault maps discovered:
D:1:      dpeg_arrival_central, layout_basic, ebering_ecumenical_altar_hall,
          corexii_corridor_pit
D:2:      layout_loops_cross, uniq_terence
D:3:      layout_loops_cross, gup_sewer_entry_bubbles, serial_shops, shop
D:4:      layout_basic, yredelemnul_altar_generic, amethyst_killhole, uniq_ijyb
D:5:      kennysheep_big_flooded_room, layout_cave_pods,
          worldfamousw_hep_ancestral_shrine, uniq_prince_ribbit1, uniq_edmund,
          uniq_duvessa
D:6:      layout_basic, minmay_temple_entry_statues_fountains,
          kennysheep_diamond, minmay_misc_feat_more_columns
D:7:      layout_cave_pods, lemuel_round_altar, serial_column_ruins,
          column_ruins_square_medium, column_ruins_square_medium,
          column_ruins_grid_3, column_ruins_columns_straight,
          column_ruins_grid_1, column_ruins_corridor_corner,
          column_ruins_open_large, column_ruins_open_large,
          column_ruins_corridor_corner
D:8:      layout_cave_pods, grunt_lair_entry_orc_guard_hut, serial_shops, shop
D:9:      layout_roguey, lemuel_doored_altar, serial_curves, eino_curves_03,
          eino_curves_01, serial_shops, shop, hangedman_misty_isle
D:10:     layout_irregular_city, grunt_temple_overflow_open, enter_bailey_2,
          serial_shops, nicolae_shop_window_shopping, uniq_erica
D:11:     layout_gridville, gammafunk_ghost_cemetery, dreamdust_gnoll_shepherd
D:12:     layout_cross, kennysheep_orc_monster_closet_entryway,
          portal_ice_cave_rime
Lair:1:   statuecave_lemuel, layout_cave_pods, serial_bayou_shore_a
Lair:2:   layout_big_grid, grunt_megastairs_2
Lair:3:   layout_regular_city, guppyfry_snake_entry_island, st_stairs_12,
          lemuel_fruit_tree, infiniplex_staircase_pool_2, lemuel_fruit_fields
Lair:4:   layout_gridlike, elwin_shoals_entry_rooms, gauntlet_entry_generic
Lair:5:   layout_concentric_octagons, slime_altar_1,
          nicolae_volcano_entry_lava_flow, grunt_megastairs_3,
          lemuel_fruit_fields, lemuel_fruit_fields
Lair:6:   cheibrodos_lair_end_hotspot, layout_regular_city,
          grunt_forest_large_clearing_hut, uniq_rupert
Orc:1:    layout_diamond_mine, serial_shops, shop
Abyss:1:  base: Lair:1, hangedman_abyss_or_decor_jellyfish_corner

Notes
Turn   | Place    | Note
-------+----------+-------------------------------------------
     0 | D:1      | sanka the Gnoll Monk began the quest for the Orb.
     0 | D:1      | Reached XP level 1. HP: 23/23 MP: 1/1
   232 | D:1      | Reached XP level 2. HP: 27/29 MP: 2/2
   651 | D:1      | Found a faded altar of an unknown god.
   662 | D:1      | Prayed at the altar of an unknown god.
   662 | D:1      | Became a worshipper of Ru the Awakened
   686 | D:1      | Gained mutation: You are missing a hand. [Ru sacrifice]
   686 | D:1      | Reached * piety under Ru
   686 | D:1      | Reached ** piety under Ru
   686 | D:1      | Reached *** piety under Ru
   925 | D:1      | Reached XP level 3. HP: 31/35 MP: 3/3
  1225 | D:2      | Reached skill level 1 in Invocations
  1540 | D:2      | Reached skill level 1 in Short Blades
  1540 | D:2      | Reached skill level 1 in Long Blades
  1540 | D:2      | Reached skill level 1 in Maces & Flails
  1540 | D:2      | Reached skill level 1 in Polearms
  1540 | D:2      | Reached skill level 1 in Staves
  1540 | D:2      | Reached skill level 1 in Slings
  1540 | D:2      | Reached skill level 1 in Crossbows
  1540 | D:2      | Reached skill level 1 in Throwing
  1540 | D:2      | Reached skill level 1 in Armour
  1540 | D:2      | Reached skill level 1 in Unarmed Combat
  1540 | D:2      | Reached skill level 1 in Spellcasting
  1540 | D:2      | Reached skill level 1 in Evocations
  1565 | D:2      | Noticed Terence
  1581 | D:2      | Killed Terence
  1582 | D:2      | Reached XP level 4. HP: 33/41 MP: 5/5
  2186 | D:3      | Reached skill level 1 in Conjurations
  2186 | D:3      | Reached skill level 1 in Hexes
  2186 | D:3      | Reached skill level 1 in Summonings
  2186 | D:3      | Reached skill level 1 in Necromancy
  2186 | D:3      | Reached skill level 1 in Translocations
  2186 | D:3      | Reached skill level 1 in Transmutations
  2186 | D:3      | Reached skill level 1 in Fire Magic
  2186 | D:3      | Reached skill level 1 in Ice Magic
  2186 | D:3      | Reached skill level 1 in Air Magic
  2186 | D:3      | Reached skill level 1 in Earth Magic
  2186 | D:3      | Reached skill level 1 in Poison Magic
  2209 | D:3      | Found Kupyts's Book Shoppe.
  2357 | D:3      | Found a glowing drain.
  2475 | Sewer    | Entered a sewer
  2550 | Sewer    | Reached XP level 5. HP: 47/47 MP: 6/6
  2556 | Sewer    | Noticed a kobold brigand
  2567 | Sewer    | Killed a kobold brigand
  2607 | Sewer    | Found a white marble altar of Elyvilon.
  3399 | D:4      | Reached XP level 6. HP: 49/53 MP: 8/8
  3440 | D:4      | Reached skill level 2 in Invocations
  3479 | D:4      | Found a basalt altar of Yredelemnul.
  3700 | D:4      | Gained mutation: You cannot be stealthy. [Ru sacrifice]
  3700 | D:4      | Reduced skill Stealth to level 0
  3818 | D:4      | Noticed Ijyb
  3869 | D:4      | Killed Ijyb
  3870 | D:4      | Reached skill level 2 in Short Blades
  3870 | D:4      | Reached skill level 2 in Long Blades
  3870 | D:4      | Reached skill level 2 in Maces & Flails
  3870 | D:4      | Reached skill level 2 in Polearms
  3870 | D:4      | Reached skill level 2 in Staves
  3870 | D:4      | Reached skill level 2 in Slings
  3870 | D:4      | Reached skill level 2 in Crossbows
  3870 | D:4      | Reached skill level 2 in Throwing
  3870 | D:4      | Reached skill level 2 in Armour
  3870 | D:4      | Reached skill level 2 in Unarmed Combat
  3870 | D:4      | Reached skill level 2 in Spellcasting
  3870 | D:4      | Reached skill level 2 in Evocations
  4188 | D:5      | Entered Level 5 of the Dungeon
  4415 | D:5      | Noticed Prince Ribbit
  4449 | D:5      | Killed Prince Ribbit
  4450 | D:5      | Reached skill level 7 in Fighting
  4450 | D:5      | Reached skill level 7 in Axes
  4450 | D:5      | Reached skill level 7 in Dodging
  4450 | D:5      | Reached XP level 7. HP: 47/60 MP: 10/10
  4539 | D:5      | Noticed Dowan
  4540 | D:5      | Noticed Duvessa
  4610 | D:4      | Killed Duvessa
  4611 | D:4      | Reached skill level 2 in Conjurations
  4611 | D:4      | Reached skill level 2 in Hexes
  4611 | D:4      | Reached skill level 2 in Summonings
  4611 | D:4      | Reached skill level 2 in Necromancy
  4611 | D:4      | Reached skill level 2 in Translocations
  4611 | D:4      | Reached skill level 2 in Transmutations
  4611 | D:4      | Reached skill level 2 in Fire Magic
  4611 | D:4      | Reached skill level 2 in Ice Magic
  4611 | D:4      | Reached skill level 2 in Air Magic
  4611 | D:4      | Reached skill level 2 in Earth Magic
  4611 | D:4      | Reached skill level 2 in Poison Magic
  4613 | D:4      | Killed Dowan
  4841 | D:5      | Reached skill level 3 in Invocations
  4954 | D:5      | Noticed Edmund
  4982 | D:5      | Killed Edmund
  4983 | D:5      | Reached XP level 8. HP: 49/67 MP: 12/12
  5100 | D:5      | Reached skill level 3 in Short Blades
  5100 | D:5      | Reached skill level 3 in Long Blades
  5100 | D:5      | Reached skill level 3 in Maces & Flails
  5100 | D:5      | Reached skill level 3 in Polearms
  5100 | D:5      | Reached skill level 3 in Staves
  5100 | D:5      | Reached skill level 3 in Slings
  5100 | D:5      | Reached skill level 3 in Crossbows
  5100 | D:5      | Reached skill level 3 in Throwing
  5100 | D:5      | Reached skill level 3 in Armour
  5100 | D:5      | Reached skill level 3 in Unarmed Combat
  5100 | D:5      | Reached skill level 3 in Spellcasting
  5100 | D:5      | Reached skill level 3 in Evocations
  5553 | D:5      | Found a hazy altar of Hepliaklqana.
  5752 | D:5      | Noticed a kobold demonologist
  5770 | D:5      | Noticed a red devil
  5771 | D:5      | Noticed an ice devil
  5773 | D:5      | Noticed a smoke demon
  5931 | D:5      | Noticed an orange demon
  5934 | D:5      | Killed a kobold demonologist
  5959 | D:5      | Reached skill level 4 in Invocations
  6070 | D:5      | Reached skill level 3 in Conjurations
  6070 | D:5      | Reached skill level 3 in Hexes
  6070 | D:5      | Reached skill level 3 in Summonings
  6070 | D:5      | Reached skill level 3 in Necromancy
  6070 | D:5      | Reached skill level 3 in Translocations
  6070 | D:5      | Reached skill level 3 in Transmutations
  6070 | D:5      | Reached skill level 3 in Fire Magic
  6070 | D:5      | Reached skill level 3 in Ice Magic
  6070 | D:5      | Reached skill level 3 in Air Magic
  6070 | D:5      | Reached skill level 3 in Earth Magic
  6070 | D:5      | Reached skill level 3 in Poison Magic
  6688 | D:6      | Found a staircase to the Ecumenical Temple.
  6779 | D:6      | Reached XP level 9. HP: 69/72 MP: 14/14
  7034 | D:6      | Identified the +4 spear "Riephaar" {freeze, Fragile rC+
                  | rN+}
  7051 | D:6      | Reached skill level 4 in Short Blades
  7051 | D:6      | Reached skill level 4 in Long Blades
  7051 | D:6      | Reached skill level 4 in Maces & Flails
  7051 | D:6      | Reached skill level 4 in Polearms
  7051 | D:6      | Reached skill level 4 in Staves
  7051 | D:6      | Reached skill level 4 in Slings
  7051 | D:6      | Reached skill level 4 in Crossbows
  7051 | D:6      | Reached skill level 4 in Throwing
  7051 | D:6      | Reached skill level 4 in Armour
  7051 | D:6      | Reached skill level 4 in Unarmed Combat
  7051 | D:6      | Reached skill level 4 in Spellcasting
  7051 | D:6      | Reached skill level 4 in Evocations
  7100 | D:6      | HP: 5/66 [wight/+2 war axe of freezing (3)]
  7113 | D:5      | HP: 3/60 [wight/+2 war axe of freezing (4)]
  7695 | D:7      | Gained mutation: You are hated by all. [Ru sacrifice]
  7695 | D:7      | Reduced skill Summonings to level 0
  7695 | D:7      | Reached **** piety under Ru
  7695 | D:7      | Reached ***** piety under Ru
  7710 | D:7      | Reached skill level 8 in Fighting
  7710 | D:7      | Reached skill level 8 in Axes
  7710 | D:7      | Reached skill level 8 in Dodging
  7714 | D:7      | Reached skill level 5 in Invocations
  8376 | D:7      | Reached skill level 4 in Conjurations
  8376 | D:7      | Reached skill level 4 in Hexes
  8376 | D:7      | Reached skill level 4 in Necromancy
  8376 | D:7      | Reached skill level 4 in Translocations
  8376 | D:7      | Reached skill level 4 in Transmutations
  8376 | D:7      | Reached skill level 4 in Fire Magic
  8376 | D:7      | Reached skill level 4 in Ice Magic
  8376 | D:7      | Reached skill level 4 in Air Magic
  8376 | D:7      | Reached skill level 4 in Earth Magic
  8376 | D:7      | Reached skill level 4 in Poison Magic
  8376 | D:7      | Reached XP level 10. HP: 80/80 MP: 17/17
  8528 | D:7      | Found a glowing golden altar of the Shining One.
  9015 | D:8      | Found Luokk's Jewellery Shoppe.
  9227 | D:8      | Reached skill level 5 in Short Blades
  9227 | D:8      | Reached skill level 5 in Long Blades
  9227 | D:8      | Reached skill level 5 in Maces & Flails
  9227 | D:8      | Reached skill level 5 in Polearms
  9227 | D:8      | Reached skill level 5 in Staves
  9227 | D:8      | Reached skill level 5 in Slings
  9227 | D:8      | Reached skill level 5 in Crossbows
  9227 | D:8      | Reached skill level 5 in Throwing
  9227 | D:8      | Reached skill level 5 in Armour
  9227 | D:8      | Reached skill level 5 in Unarmed Combat
  9227 | D:8      | Reached skill level 5 in Spellcasting
  9227 | D:8      | Reached skill level 5 in Evocations
  9234 | D:8      | Gained mutation: You cannot study or use magical devices.
                  | [Ru sacrifice]
  9234 | D:8      | Reduced skill Evocations to level 0
  9234 | D:8      | Reached ****** piety under Ru
 10134 | D:8      | Found a staircase to the Lair.
 10344 | D:9      | Noticed a two-headed ogre
 11001 | D:9      | Identified +0 steam dragon scales
 11011 | D:9      | Noticed a two-headed ogre
 11168 | D:9      | Reached skill level 6 in Invocations
 11442 | D:9      | Killed a two-headed ogre
 11743 | D:9      | Found a sparkling altar of Nemelex Xobeh.
 11787 | D:9      | Reached XP level 11. HP: 52/87 MP: 19/19
 12047 | D:9      | Killed a two-headed ogre
 12048 | D:9      | Reached skill level 9 in Fighting
 12048 | D:9      | Reached skill level 9 in Axes
 12048 | D:9      | Reached skill level 9 in Dodging
 12323 | D:9      | Found Job Guu's General Store.
 12341 | D:9      | Reached skill level 6 in Short Blades
 12341 | D:9      | Reached skill level 6 in Long Blades
 12341 | D:9      | Reached skill level 6 in Maces & Flails
 12341 | D:9      | Reached skill level 6 in Polearms
 12341 | D:9      | Reached skill level 6 in Staves
 12341 | D:9      | Reached skill level 6 in Slings
 12341 | D:9      | Reached skill level 6 in Crossbows
 12341 | D:9      | Reached skill level 6 in Throwing
 12341 | D:9      | Reached skill level 6 in Armour
 12341 | D:9      | Reached skill level 6 in Unarmed Combat
 12341 | D:9      | Reached skill level 6 in Spellcasting
 12344 | D:9      | Reached skill level 5 in Conjurations
 12344 | D:9      | Reached skill level 5 in Hexes
 12344 | D:9      | Reached skill level 5 in Necromancy
 12344 | D:9      | Reached skill level 5 in Translocations
 12344 | D:9      | Reached skill level 5 in Transmutations
 12344 | D:9      | Reached skill level 5 in Fire Magic
 12344 | D:9      | Reached skill level 5 in Ice Magic
 12344 | D:9      | Reached skill level 5 in Air Magic
 12344 | D:9      | Reached skill level 5 in Earth Magic
 12344 | D:9      | Reached skill level 5 in Poison Magic
 12511 | D:10     | Entered Level 10 of the Dungeon
 12525 | D:10     | Found a broken altar of Ashenzari.
 12528 | D:10     | Found a snail-covered altar of Cheibriados.
 12530 | D:10     | Found a radiant altar of Vehumet.
 12610 | D:10     | Found Zenac's Jewellery Emporium.
 12690 | D:10     | Found a flagged portal.
 12707 | Bailey   | Entered a bailey
 13004 | Bailey   | Noticed a vault guard
 13006 | Bailey   | Killed a vault guard
 13007 | Bailey   | Reached skill level 7 in Invocations
 13061 | Bailey   | Noticed a vault guard
 13093 | Bailey   | Killed a vault guard
 13636 | D:10     | Identified +0 steam dragon scales
 13756 | D:10     | Learned a level 3 spell: Frozen Ramparts
 13891 | D:10     | Noticed Erica
 13924 | D:10     | Killed Erica
 14329 | D:11     | Noticed a boulder beetle
 14341 | D:11     | Killed a boulder beetle
 14342 | D:11     | Reached XP level 12. HP: 86/96 MP: 22/22
 14717 | D:11     | Reached skill level 7 in Short Blades
 14717 | D:11     | Reached skill level 7 in Long Blades
 14717 | D:11     | Reached skill level 7 in Maces & Flails
 14717 | D:11     | Reached skill level 7 in Polearms
 14717 | D:11     | Reached skill level 7 in Staves
 14717 | D:11     | Reached skill level 7 in Slings
 14717 | D:11     | Reached skill level 7 in Crossbows
 14717 | D:11     | Reached skill level 7 in Throwing
 14717 | D:11     | Reached skill level 7 in Armour
 14717 | D:11     | Reached skill level 7 in Unarmed Combat
 14717 | D:11     | Reached skill level 7 in Spellcasting
 14883 | D:11     | Found a runed translucent gate.
 14884 | D:11     | Found a runed translucent gate.
 14885 | D:11     | Found a runed translucent gate.
 14886 | D:11     | Noticed Hasart's ghost (journeyman DgHu)
 14886 | D:11     | Noticed boracarina's ghost (journeyman DsBe)
 16158 | Lair:1   | Entered Level 1 of the Lair of Beasts
 16169 | Lair:1   | Reached skill level 6 in Conjurations
 16169 | Lair:1   | Reached skill level 6 in Hexes
 16169 | Lair:1   | Reached skill level 6 in Necromancy
 16169 | Lair:1   | Reached skill level 6 in Translocations
 16169 | Lair:1   | Reached skill level 6 in Transmutations
 16169 | Lair:1   | Reached skill level 6 in Fire Magic
 16169 | Lair:1   | Reached skill level 6 in Ice Magic
 16169 | Lair:1   | Reached skill level 6 in Air Magic
 16169 | Lair:1   | Reached skill level 6 in Earth Magic
 16169 | Lair:1   | Reached skill level 6 in Poison Magic
 16536 | Lair:1   | Noticed a boulder beetle
 16552 | Lair:1   | Killed a boulder beetle
 16553 | Lair:1   | Reached skill level 8 in Invocations
 17289 | Lair:1   | Noticed an eight-headed hydra
 17301 | Lair:1   | Killed a two-headed hydra
 17668 | Lair:1   | Noticed a six-headed hydra
 17672 | Lair:1   | Reached skill level 10 in Fighting
 17672 | Lair:1   | Reached skill level 10 in Axes
 17672 | Lair:1   | Reached skill level 10 in Dodging
 17674 | Lair:1   | Identified the +6 mace "Beastslayer" {vorpal, Will- Str+2
                  | Dex+3}
 17682 | Lair:1   | Identified the +3 crystal plate armour of Wicked Curiosity
                  | {+Blink rCorr Str-2}
 19026 | Lair:3   | Noticed a seven-headed hydra
 19037 | Lair:3   | Killed a three-headed hydra
 19342 | Lair:3   | Reached XP level 13. HP: 103/103 MP: 24/24
 19939 | Lair:2   | Reached skill level 8 in Short Blades
 19939 | Lair:2   | Reached skill level 8 in Long Blades
 19939 | Lair:2   | Reached skill level 8 in Maces & Flails
 19939 | Lair:2   | Reached skill level 8 in Polearms
 19939 | Lair:2   | Reached skill level 8 in Staves
 19939 | Lair:2   | Reached skill level 8 in Slings
 19939 | Lair:2   | Reached skill level 8 in Crossbows
 19939 | Lair:2   | Reached skill level 8 in Throwing
 19939 | Lair:2   | Reached skill level 8 in Armour
 19939 | Lair:2   | Reached skill level 8 in Unarmed Combat
 19939 | Lair:2   | Reached skill level 8 in Spellcasting
 20968 | Lair:3   | Found a staircase to the Snake Pit.
 21772 | Lair:4   | Reached skill level 9 in Invocations
 21909 | Lair:4   | Found a gate leading to a gauntlet.
 21929 | Gauntlet | Entered a Gauntlet
 21929 | Gauntlet | Found a transporter.
 21929 | Gauntlet | Found a transporter.
 22119 | Gauntlet | Found a transporter.
 22123 | Gauntlet | Found a transporter.
 22131 | Gauntlet | Found a transporter.
 22135 | Gauntlet | Found a transporter.
 22137 | Gauntlet | Noticed an entropy weaver
 22147 | Gauntlet | Found a transporter.
 22152 | Gauntlet | Found a runed translucent door.
 22159 | Gauntlet | Found a transporter.
 22176 | Gauntlet | Found a transporter.
 22177 | Gauntlet | Found a transporter.
 22185 | Gauntlet | Found a transporter.
 22189 | Gauntlet | Found a transporter.
 22647 | Gauntlet | Identified the ring "Fetwuseh" {Fly rF+ rC+++ Str-3}
 22667 | Gauntlet | Identified the +3 hand crossbow of Causality {flame, rPois
                  | rF+ rN+ SInv}
 22667 | Gauntlet | Identified +0 storm dragon scales
 22667 | Gauntlet | Identified the ring of Luvunlot {Fly rF+ Int+3}
 22667 | Gauntlet | Noticed a minotaur
 22685 | Gauntlet | Killed a minotaur
 22686 | Gauntlet | Reached skill level 7 in Conjurations
 22686 | Gauntlet | Reached skill level 7 in Hexes
 22686 | Gauntlet | Reached skill level 7 in Necromancy
 22686 | Gauntlet | Reached skill level 7 in Translocations
 22686 | Gauntlet | Reached skill level 7 in Transmutations
 22686 | Gauntlet | Reached skill level 7 in Fire Magic
 22686 | Gauntlet | Reached skill level 7 in Ice Magic
 22686 | Gauntlet | Reached skill level 7 in Air Magic
 22686 | Gauntlet | Reached skill level 7 in Earth Magic
 22686 | Gauntlet | Reached skill level 7 in Poison Magic
 23090 | Lair:4   | Found a staircase to the Shoals.
 23926 | Lair:5   | Learned a level 5 spell: Freezing Cloud
 23960 | Lair:5   | Identified the +10 chain mail "Heiddoa" {Str+8}
 24001 | Lair:5   | Found a dark tunnel.
 24100 | Volcano  | Entered a volcano
 24434 | Volcano  | Noticed a stone giant
 24440 | Volcano  | Killed a stone giant
 24907 | Lair:5   | Reached skill level 9 in Crossbows
 25296 | Lair:5   | Found a staircase to the Slime Pits.
 25495 | Lair:6   | Entered Level 6 of the Lair of Beasts
 25706 | Lair:6   | Noticed Rupert
 25706 | Lair:6   | Paralysed by Rupert for 3 turns
 25713 | Lair:6   | Paralysed by Rupert for 7 turns
 25723 | Lair:6   | Paralysed by Rupert for 6 turns
 25740 | Lair:5   | HP: 6/90 [wyvern (5)]
 25746 | Lair:5   | Reached skill level 11 in Fighting
 25746 | Lair:5   | Reached skill level 11 in Axes
 25746 | Lair:5   | Reached skill level 11 in Dodging
 25751 | Lair:6   | HP: 8/94 [polar bear (9)]
 25758 | Lair:6   | Reached XP level 14. HP: 38/102 MP: 26/26
 26638 | Lair:6   | Found a large runed translucent door.
 26639 | Lair:6   | Found a large runed translucent door.
 27025 | Lair:6   | Reached skill level 9 in Short Blades
 27025 | Lair:6   | Reached skill level 9 in Long Blades
 27025 | Lair:6   | Reached skill level 9 in Maces & Flails
 27025 | Lair:6   | Reached skill level 9 in Polearms
 27025 | Lair:6   | Reached skill level 9 in Staves
 27025 | Lair:6   | Reached skill level 9 in Slings
 27025 | Lair:6   | Reached skill level 9 in Throwing
 27025 | Lair:6   | Reached skill level 9 in Armour
 27025 | Lair:6   | Reached skill level 9 in Unarmed Combat
 27025 | Lair:6   | Reached skill level 9 in Spellcasting
 27767 | Lair:6   | Identified the +7 chain mail of Morality {rN+ Regen+ Str-5}
 27845 | Lair:6   | Killed Rupert
 27846 | Lair:6   | Reached skill level 10 in Invocations
 28041 | Lair:6   | Reached skill level 10 in Crossbows
 29623 | D:12     | Found a frozen archway.
 29964 | IceCv    | Entered an ice cave
 30436 | IceCv    | Reached skill level 8 in Conjurations
 30436 | IceCv    | Reached skill level 8 in Hexes
 30436 | IceCv    | Reached skill level 8 in Necromancy
 30436 | IceCv    | Reached skill level 8 in Translocations
 30436 | IceCv    | Reached skill level 8 in Transmutations
 30436 | IceCv    | Reached skill level 8 in Fire Magic
 30436 | IceCv    | Reached skill level 8 in Ice Magic
 30436 | IceCv    | Reached skill level 8 in Air Magic
 30436 | IceCv    | Reached skill level 8 in Earth Magic
 30436 | IceCv    | Reached skill level 8 in Poison Magic
 31214 | IceCv    | Noticed a reaper
 31217 | IceCv    | Killed a reaper
 31340 | IceCv    | Got the Collected Works on Cold
 31346 | IceCv    | Identified a +1 leather armour of resistance
 32071 | D:12     | Found a staircase to the Orcish Mines.
 32079 | D:12     | Reached XP level 15. HP: 103/114 MP: 28/28
 32549 | Orc:1    | Entered Level 1 of the Orcish Mines
 32591 | Orc:1    | Reached skill level 11 in Crossbows
 32643 | Orc:1    | Cast into level 1 of the Abyss (orc warrior)
 32660 | Abyss:1  | Noticed a profane servitor
 32668 | Abyss:1  | Killed a profane servitor
 32835 | Abyss:1  | HP: 6/101 [rakshasa/lance of force (20)]
 32998 | Abyss:1  | HP: 7/101 [starcursed mass/accursed screaming (5)]
 33037 | Abyss:1  | Found a sparkling altar of Nemelex Xobeh.
 33292 | Abyss:1  | HP: 8/101 [??? (5)]
 33295 | Abyss:1  | Slain by a thrashing horror

Vanquished Creatures
  A profane servitor (Abyss:1)
  Rupert (Lair:6)
  A reaper (IceCv)
  A stone giant (Volcano)
  A minotaur (Gauntlet)
  A fire dragon (Lair:6)
  2 vault guards (Bailey)
  A rakshasa (Abyss:1)
  3 boulder beetles
  7 hydras
  A death knight (D:12)
  4 two-headed ogres
  Erica (D:10)
  2 death yaks (Lair:5)
  A sixfirhy (Abyss:1)
  A wretched star (Abyss:1)
  An obsidian statue (Gauntlet)
  A lindwurm (Lair:6)
  An orange crystal statue (Lair:1)
  A deep elf pyromancer (D:12)
  A harpy (shapeshifter) (Abyss:1)
  2 ugly things (D:11)
  9 black mambas
  6 elephants
  3 molten gargoyles (Lair:6)
  A torpor snail (Lair:5)
  2 ice statues (IceCv)
  4 gargoyles
  9 cane toads
  2 unseen horrors
  5 rime drakes
  A kobold demonologist (D:5)
  An efreet (Volcano)
  An anaconda simulacrum (IceCv)
  6 komodo dragons
  A tormentor (Abyss:1)
  5 ice devils (IceCv)
  3 entropy weaver simulacra (IceCv)
  2 ancient zymes (Abyss:1)
  3 trolls (D:12)
  3 polar bears
  Prince Ribbit (D:5)
  A merfolk (Lair:4)
  18 blink frogs
  2 dream sheep
  6 slime creatures (D:12)
  3 flying skulls (Abyss:1)
  A spriggan (Lair:6)
  11 starcursed masses (Abyss:1)
  2 large abominations (Abyss:1)
  A wraith (D:7)
  2 dire elephant simulacra (IceCv)
  38 yaks
  6 shadows
  5 wyverns
  2 fire elementals (Volcano)
  4 basilisks
  4 humans (Bailey)
  7 vampire mosquitoes (D:11)
  6 steam dragons
  4 harpy simulacra (IceCv)
  Edmund (D:5)
  2 nagas (Lair:3)
  4 hell hounds (Lair:6)
  10 water moccasins
  Duvessa (D:4)
  10 orc warriors
  3 sky beasts
  An ice beast (D:5)
  4 black bears
  3 centaurs
  7 ogres
  8 wolves
  5 kobold brigands
  11 small abominations
  An earth elemental (Volcano)
  22 bullfrogs
  A necrophage (D:5)
  5 gnoll sergeants (D:12)
  2 scorpions (D:5)
  2 two-headed ogre simulacra (IceCv)
  11 wights
  Dowan (D:4)
  8 killer bees
  An elephant simulacrum (IceCv)
  5 electric eels
  3 howler monkeys (D:8)
  2 hounds
  5 lava snakes (Lair:6)
  A quasit (Abyss:1)
  2 gnoll shamans
  7 orc priests
  A jelly (D:6)
  Terence (D:2)
  Ijyb (D:4)
  2 iguanas
  15 orc wizards
  A wolf simulacrum (IceCv)
  7 gnolls
  7 adders
  A river rat (D:3)
  2 shadow imps
  4 white imps
  An ufetubus (IceCv)
  3 worms
  4 dart slugs
  49 orcs
  5 bats
  4 endoplasms
  4 giant cockroaches
  8 hobgoblins
  9 jackals
  5 quokkas
  5 ball pythons
  5 frilled lizards
  8 goblins
  12 kobolds
  10 rats
  A lurking horror (Abyss:1)
551 creatures vanquished.

Vanquished Creatures (others)
  2 elephants (Lair:3)
  A komodo dragon (Lair:6)
  A blink frog (Lair:4)
  2 wyverns (Lair:6)
  2 yaks (D:10)
  A vampire mosquito (D:11)
  A water moccasin (Lair:4)
  An orc warrior (D:8)
  A sky beast (D:9)
  A bullfrog (Bailey)
  An earth elemental (Volcano)
  An orc (D:9)
  2 goblins (D:4)
  A bush (Lair:6)
  4 demonic plants (Gauntlet)
  28 fungi
  49 plants
99 creatures vanquished.

Grand Total: 650 creatures vanquished
